 Dungeon Crawl Stone Soup version 0.31-a0-233-g139696dc86 (webtiles) character file.

Game seed: 10734616625296681372

131 qw the Shooter (level 5, -2/30 HPs)
             Began as a Gargoyle Hexslinger on July 8, 2023.
             Slain by a gnoll
             ... wielding a +0 whip
              (3 damage)
             ... on level 3 of the Dungeon.
             The game lasted 00:01:02 (2229 turns).

qw the Shooter (Gargoyle Hexslinger)                Turns: 2229, Time: 00:01:02

Health: -2/30      AC:  9    Str: 11    XL:     5   Next: 14%
Magic:  6/6        EV: 11    Int: 14    God:
Gold:   78         SH:  0    Dex: 14    Spells: 5/6 levels left

rFire   + . .        Y - +1 sling
rCold   . . .        (no shield)
rNeg    + . .        b - +0 leather armour {rF+}
rPois   inf          (no helmet)
rElec   +            (no cloak)
rCorr   .            d - +1 pair of gloves
SInv    +            (no boots)
Will    .....        (no amulet)
Stlth   +            f - ring of see invisible
HPRegen 0.25/turn    (no ring)
MPRegen 0.10/turn

%: no passive effects
@: no status effects
A: sickness immunity, AC +4, negative energy resistance 1, electricity
resistance, torment resistance 1, petrification resistance
a: no special abilities


You were on level 3 of the Dungeon.
You visited 1 branch of the dungeon, and saw 3 of its levels.

You collected 78 gold pieces.


Innate Abilities, Weirdness & Mutations

You are immune to sickness and miasma.
Your stone body is resilient. (AC +4)
You are immune to poison.
You resist negative energy. (rN+)
You are resistant to electric shocks. (rElec)
You are resistant to unholy torment.
You are immune to petrification.


   Skills:
 - Level 2.0 Fighting
 + Level 4.9 Ranged Weapons
 - Level 1.5 Dodging
 - Level 1.0 Spellcasting
 - Level 2.6 Hexes


You had 5 spell levels left.
You knew the following spells:

 Your Spells              Type           Power      Damage    Failure   Level
a - Slow                  Hex            32%        N/A       12%         1

Your spell library contained the following spells:

 Spells                   Type           Power      Damage    Failure   Level
 Inner Flame              Hex/Fire       4%         N/A       52%         3
 Portal Projectile        Hex/Tloc       8%         N/A       52%         3
 Cause Fear               Hex            4%         N/A       75%         4

Inventory:

Hand Weapons
 Y - a +1 sling (weapon)
Armour
 a - a +0 ring mail
 b - a +0 leather armour of fire resistance (worn)
 d - a +1 pair of gloves (worn)
Jewellery
 f - a ring of see invisible (left hand)
Scrolls
 c - a scroll of fear {unknown}
 j - 2 scrolls of identify
 k - a scroll of fog {unknown}
 n - 3 scrolls of immolation {unknown}
Potions
 e - a potion of lignification {unknown}
 g - 2 potions of might
 h - a potion of mutation {unknown}
 i - 3 potions of curing
 l - a potion of haste {unknown}
 m - 3 potions of degeneration {unknown}

Dungeon Overview and Level Annotations

Branches:
Dungeon (3/15)

Altars:

Annotations:
D:3 1 runed translucent door, Crazy Yiuf


Message History

A gnoll comes into view. It is wielding a +0 club.
The gnoll moves out of view.
You shoot a sling bullet.
The sling bullet barely misses the gnoll.
The sling bullet closely misses the rat.
You shoot a sling bullet. The sling bullet hits the gnoll.
The gnoll is almost dead.
The gnoll closely misses you.
You shoot a sling bullet.
The sling bullet barely misses the gnoll.
The sling bullet barely misses the rat.
The gnoll barely misses you.
You shoot a sling bullet.
The sling bullet hits the gnoll but does no damage.
The gnoll is almost dead.
The gnoll barely misses you.
A gnoll comes into view. It is wielding a +0 halberd.
The gnoll misses you. The rat barely misses you.
You shoot a sling bullet. The sling bullet hits the rat.
You kill the rat!
A gnoll comes into view. It is wielding a +0 whip.
The gnoll hits you from afar with a +0 halberd!
You shoot a sling bullet. The sling bullet hits the gnoll!
You kill the gnoll!
You shoot a sling bullet.
The sling bullet hits the gnoll but does no damage.
You shoot a sling bullet.
The sling bullet barely misses the gnoll.
You shoot a sling bullet. The sling bullet hits the gnoll.
The gnoll is moderately wounded.
The gnoll hits you from afar with a +0 halberd!
The gnoll hits you with a +0 club!
You shoot a sling bullet. The sling bullet hits the gnoll.
The gnoll is severely wounded.
The gnoll barely misses you. The gnoll completely misses you.
You shoot a sling bullet. The sling bullet hits the gnoll.
The gnoll is almost dead.
The gnoll misses you. The gnoll hits you with a +0 club.
The gnoll hits you with a +0 whip.
You die...

#.......[(.......#
######..
#.#.#............##.#
#..
#.#.#.........)...#.###
###
#.#.#..................
#
#...#..................
#####..................
#..................
#...........g......
#..........@gg.....
#............#.....
######......## ...
#......# . #......#
#......# #......#
########


You could see 3 gnolls.

Vanquished Creatures
  A gnoll (D:3)
  4 adders
  A worm (D:2)
  A dart slug (D:2)
  4 orcs (D:3)
  2 ball pythons
  12 bats
  12 endoplasms
  A giant cockroach (D:2)
  9 hobgoblins
  3 jackals (D:2)
  3 kobolds
  A quokka (D:3)
  2 frilled lizards
  6 goblins
  4 rats
66 creatures vanquished.

Notes
Turn   | Place    | Note
-------+----------+-------------------------------------------
     0 | D:1      | qw the Gargoyle Hexslinger began the quest for the Orb.
     0 | D:1      | Reached XP level 1. HP: 12/12 MP: 2/2
     0 | D:1      | 0 ||| qw: Version: 0.3-a-46-gb1f654a
     0 | D:1      | 0 ||| qw: Game counter: 3458
     0 | D:1      | 0 ||| qw: Melee chars always use a shield: true
     0 | D:1      | 0 ||| qw: God list: Okawaru
     0 | D:1      | 0 ||| qw: Allow faded altars: false
     0 | D:1      | 0 ||| qw: Do Orc after clearing Dungeon:15 true
     0 | D:1      | 0 ||| qw: Do second Lair branch before Depths: true
     0 | D:1      | 0 ||| qw: Lair rune preference: random
     0 | D:1      | 0 ||| qw: Goals: Normal
     0 | D:1      | 0 ||| PLANNING D:1-11
   111 | D:1      | Reached XP level 2. HP: 16/16 MP: 3/3
   177 | D:1      | Reached skill level 3 in Ranged Weapons
   538 | D:1      | Reached XP level 3. HP: 20/21 MP: 4/4
   725 | D:1      | 725 ||| UPGRADING to +1 pair of gloves.
   730 | D:1      | 730 ||| UPGRADING to +0 leather armour.
   740 | D:1      | 740 ||| DROPPING +0 robe.
   741 | D:1      | 741 ||| UPGRADING to ring of see invisible.
   742 | D:1      | 742 ||| DROPPING scroll of poison.
   885 | D:2      | 885 ||| READING scroll labelled KAKHLA USHILUD.
   886 | D:2      | 886 ||| READING scroll labelled SECKAUDDEGO.
   933 | D:2      | Identified the +6 morningstar of Dissatisfaction {freeze,
                  | +Blink rC+++ Will- Str+3}
   953 | D:2      | 953 ||| UPGRADING to +0 ring mail.
   963 | D:2      | 963 ||| UPGRADING to +0 leather armour of fire resistance.
   973 | D:2      | 973 ||| DROPPING +0 leather armour.
  1213 | D:2      | Reached XP level 4. HP: 22/26 MP: 5/5
  1283 | D:2      | Reached skill level 4 in Ranged Weapons
  1673 | D:2      | 1673 ||| READING scroll labelled JOPTES TEEGORPH.
  1674 | D:2      | 1674 ||| DRINKING 2 fizzy blue potions.
  1675 | D:2      | 1675 ||| DRINKING 3 puce potions.
  1851 | D:3      | Found a runed translucent door.
  1852 | D:3      | Noticed Crazy Yiuf
  2139 | D:3      | Reached XP level 5. HP: 30/30 MP: 6/6
  2227 | D:3      | HP: 5/30 [gnoll/+0 club (7)]
  2229 | D:3      | HP: 1/30 [gnoll/+0 club (5)]
  2229 | D:3      | Slain by a gnoll

Levels and vault maps discovered:
D:1:      onia_arrival_mini_spirals, layout_loops_ring,
          amcnicky_mini_pool_small, serial_bayou_ford_a
D:2:      minmay_general_purpose_star, layout_loops_ring,
          chequers_serial_rivers_micro_d, kennysheep_nub
D:3:      layout_basic, uniq_crazy_yiuf_cottage

Skill      XL: |  1  2  3  4 |
---------------+-------------+-----
Ranged Weapons | 3 4 |  4.9
Fighting       | 2 |  2.0
Dodging        | |  1.5
Spellcasting   | |  1.0
Hexes          | |  2.6

Action                     |  1- 3 |  4- 6 || total
---------------------------+-------+-------++-------
   Fire: Sling             |   113 |   121 ||   234
    Use: Scroll            |     2 |     1 ||     3
         Potion            |       |     2 ||     2
 Armour: Robe              |     3 |       ||     3
         Leather armour    |    17 |    45 ||    62
  Dodge: Dodged            |    38 |    34 ||    72

Table legend:
 A = Non-vault XP
 B = Vault XP
 C = Vault XP percentage of total XP
 D = Non-vault monster count
 E = Vault monster count
 F = Vault count percentage of total count
                 A         B        C        D         E       F
            +---------+---------+-------+---------+---------+-------
      Total |     178 |      10 |   5.3 |      62 |       4 |   6.1
            +---------+---------+-------+---------+---------+-------
        D:1 |      34 |       0 |   0.0 |      19 |       0 |   0.0
        D:2 |      65 |      10 |  13.3 |      22 |       4 |  15.4
        D:3 |      79 |       0 |   0.0 |      21 |       0 |   0.0
            +---------+---------+-------+---------+---------+-------
